Map: 匹昂台地

Players

DetryKony

  • Race: Zerg Zerg

Quail - Winner!

  • Race: Protoss Protoss
  • League: Platinum

VOD

Have the link to the VOD?

Description

Time

  • Played on: Dec. 4, 2015, 3:21 a.m.
  • Length: 19:13
Show
View Real Time Build Order
Export as new Build Order

DetryKony Zerg 

Build Orders: Hatch First 

Get SALT Encoding   

  12  0:00  Drone  
  13  0:07  Drone  
  14  0:17  Overlord  
  14  0:23  Extractor  
  14  0:24  Drone  
  15  0:36  Drone x2  
  17  0:54  Hatchery  
  16  1:01  Drone  
  17  1:13  Spawning Pool  
  17  1:14  Drone  
  17  1:16  Drone  
  18  1:22  Drone  
  19  1:26  Extractor  
  18  1:33  Drone  
  18  1:39  Drone  
  20  1:59  Queen  
  22  2:04  Overlord  
  22  2:06  Queen  
  24  2:21  Drone  
  24  2:22  Drone x2  
  27  2:23  Overlord  
  27  2:43  Hatchery  
  26  2:53  Drone x2  
  26  2:54  Roach Warren  
  27  2:58  Drone  
  27  2:59  Drone x3  
  27  3:02  Extractor  
  28  3:36  Drone x8  
  36  3:45  Lair  
  36  3:47  Roach x2  
  40  3:58  Drone x4  
  40  3:59  Extractor  
  40  4:02  Roach x3  
  49  4:03  Overlord  
  49  4:08  Pneumatized Carapace  
  49  4:17  Drone  
  49  4:19  Overlord x2  
  50  4:24  Drone x3  
  50  4:25  Drone  
  50  4:30  Ravager x2  
  56  4:49  Drone x7  
  56  4:50  Roach x3  
  71  5:00  Roach x2  
  73  5:15  Overlord x5  
  73  5:22  Spore Crawler  
  71  5:29  Glial Reconstitution  
  71  5:39  Spore Crawler  
  70  5:44  Spore Crawler, Drone  
  70  5:45  Drone x7  
  70  5:46  Queen  
  79  5:52  Roach x4  
  87  5:58  Extractor  
  87  6:00  Extractor  
  85  6:11  Overseer  
  81  6:38  Roach x3  
  81  6:39  Roach x6  
  96  6:43  Evolution Chamber  
  94  6:51  Queen  
  94  6:53  Drone x3  
  99  7:00  Evolution Chamber  
  98  7:22  Roach x8  
  114  7:23  Overlord  
  114  7:26  Zerg Missile Weapons Level 1, Zerg Ground Armor Level 1  
  112  7:38  Hydralisk Den  
  111  7:52  Overlord x2  
  111  7:56  Hatchery  
  110  8:08  Muscular Augments  
  110  8:09  Hydralisk x6  
  110  8:10  Hydralisk x4  
  130  8:16  Drone x3  
  133  8:40  Infestation Pit  
  132  9:24  Overlord x3  
  132  9:25  Overlord x4, Infestor x5  
  132  9:26  Infestor  
  132  9:30  Zerg Ground Armor Level 2, Zerg Missile Weapons Level 2  
  142  10:18  Hydralisk x11  
  142  10:19  Hydralisk x4  
  172  10:35  Hydralisk x4  
  180  10:45  Queen  
  77  11:35  Roach x8  
  77  11:36  Roach x11  
  105  11:55  Roach  
  105  11:56  Roach x4  
  115  12:05  Hive  
  115  12:10  Roach x5  
  115  12:11  Roach x2  
  108  12:45  Hydralisk x5  
  108  12:46  Hydralisk x10  
  131  12:51  Ravager x2  
  130  13:10  Extractor  
  129  13:20  Hatchery  
  128  13:28  Infestor  
  128  13:29  Infestor x2  
  128  13:30  Hatchery  
  128  13:33  Hatchery, Infestor  
  94  14:16  Viper x2  
  97  14:18  Viper  
  83  15:07  Viper  
  83  15:08  Viper  
  83  15:13  Overseer  
  87  15:16  Drone x5  
  87  15:17  Drone x23  
  111  15:25  Ravager  
  111  15:27  Ravager  
  111  15:28  Ravager  
  112  15:35  Extractor  
  111  16:08  Extractor  
  110  16:14  Roach  
  110  16:15  Roach x14  
  140  16:32  Queen  
  139  17:05  Roach x12  
  163  17:20  Roach x4  
  171  17:22  Hatchery  
  170  17:31  Roach x3  
  170  17:33  Overlord  
  122  18:14  Ravager x3  
  122  18:15  Ravager x5  
Show
View Real Time Build Order
Export as new Build Order

Quail Protoss - Winner!

Build Orders: 1 Gate Expand 

Get SALT Encoding   

  12  0:01  Probe (Chrono Boost)  
  13  0:11  Probe (Chrono Boost)  
  14  0:18  Pylon  
  14  0:22  Probe (Chrono Boost)  
  15  0:36  Probe (Chrono Boost)  
  15  0:39  Gateway  
  16  0:46  Probe (Chrono Boost)  
  17  1:07  Nexus  
  17  1:10  Probe (Chrono Boost)  
  18  1:16  Assimilator  
  18  1:21  Probe (Chrono Boost)  
  19  1:30  Cybernetics Core  
  19  1:36  Assimilator  
  20  1:40  Probe (Chrono Boost)  
  20  1:49  Pylon  
  20  1:50  Probe (Chrono Boost)  
  21  2:01  Probe (Chrono Boost)  
  22  2:09  Adept  
  22  2:11  Probe (Chrono Boost)  
  25  2:21  Robotics Facility  
  25  2:22  Probe (Chrono Boost)  
  26  2:26  Probe (Chrono Boost)  
  27  2:32  Probe (Chrono Boost)  
  27  2:36  Probe (Chrono Boost)  
  29  2:38  Warp Gate  
  29  2:43  Probe (Chrono Boost)  
  30  2:45  Stalker  
  32  2:52  Probe (Chrono Boost)  
  32  2:53  Probe (Chrono Boost)  
  34  3:03  Probe (Chrono Boost)  
  34  3:04  Probe (Chrono Boost)  
  36  3:09  Observer  
  37  3:13  Probe (Chrono Boost)  
  37  3:18  Probe (Chrono Boost)  
  39  3:24  Probe (Chrono Boost)  
  40  3:29  Probe (Chrono Boost), Warp Prism  
  43  3:34  Probe (Chrono Boost)  
  43  3:36  Pylon  
  43  3:37  Stalker  
  46  3:47  Pylon  
  46  3:51  Stargate  
  46  3:54  Probe x2 (Chrono Boost)  
  48  4:02  Assimilator  
  48  4:05  Probe x2 (Chrono Boost)  
  48  4:06  Assimilator  
  48  4:08  Gateway  
  50  4:10  Pylon  
  50  4:13  Adept  
  50  4:15  Probe (Chrono Boost)  
  53  4:18  Gateway  
  53  4:27  Immortal (Chrono Boost)  
  57  4:34  Probe  
  57  4:35  Probe, Robotics Bay  
  59  4:45  Gateway x2  
  57  4:53  Void Ray  
  61  5:03  Mothership Core  
  61  5:05  Adept  
  65  5:11  Immortal (Chrono Boost)  
  67  5:39  Probe  
  68  5:47  Stalker  
  70  5:50  Nexus  
  70  5:52  Pylon  
  70  5:54  Pylon x2  
  70  5:57  Pylon  
  70  6:10  Disruptor (Chrono Boost), Void Ray (Chrono Boost)  
  77  6:15  Adept  
  77  6:16  Adept x3  
  85  6:24  Stalker  
  75  6:46  Stalker x4  
  83  6:53  Immortal (Chrono Boost), Void Ray  
  87  7:00  Probe  
  87  7:02  Probe  
  87  7:03  Probe  
  90  7:09  Stalker  
  90  7:11  Probe  
  90  7:14  Probe  
  90  7:15  Fleet Beacon  
  94  7:20  Stargate  
  94  7:21  Probe  
  95  7:34  Stalker x3  
  95  7:35  Stalker  
  95  7:36  Probe  
  104  7:41  Warp Prism (Chrono Boost)  
  106  7:47  Probe x2  
  108  7:52  Forge  
  108  7:55  Pylon  
  108  7:59  Pylon  
  108  8:02  Carrier (Chrono Boost)  
  114  8:10  Zealot  
  114  8:11  Probe  
  116  8:13  Probe  
  116  8:17  Pylon  
  116  8:18  Assimilator  
  118  8:22  Assimilator  
  118  8:27  Stalker  
  118  8:28  Stalker x2  
  124  8:36  Zealot x2  
  124  8:40  Probe  
  128  8:41  Gateway x2, Probe  
  130  8:52  Carrier (Chrono Boost)  
  130  8:55  Pylon  
  136  8:59  Probe, Stargate  
  136  9:02  Pylon  
  137  9:03  Protoss Air Weapons Level 1 (Chrono Boost)  
  137  9:07  Immortal  
  141  9:15  Probe  
  140  9:17  Probe  
  140  9:23  Carrier  
  148  9:28  Nexus  
  148  9:43  Pylon  
  148  9:45  Pylon  
  148  9:46  Colossus  
  148  9:51  Adept  
  156  10:01  Carrier  
  162  10:10  Adept x4  
  158  10:16  Probe  
  158  10:17  Probe  
  156  10:22  Twilight Council  
  156  10:27  Carrier  
  162  10:30  Adept  
  162  10:31  Adept x4  
  162  10:34  Probe  
  173  10:36  Pylon  
  173  10:38  Probe, Pylon  
  173  10:39  Disruptor  
  173  10:40  Photon Cannon  
  177  10:42  Photon Cannon  
  177  10:46  Photon Cannon  
  177  10:50  Protoss Air Weapons Level 2 (Chrono Boost)  
  177  10:55  Carrier  
  183  10:58  Adept  
  183  10:59  Adept  
  137  11:19  Adept x2  
  137  11:20  Zealot  
  137  11:21  Zealot x3  
  132  11:26  Carrier  
  122  11:37  Stalker  
  110  11:49  Adept x3  
  110  11:50  Adept x3  
  110  11:52  Carrier  
  128  11:59  Probe  
  128  12:00  Probe  
  130  12:03  Assimilator  
  130  12:05  Assimilator  
  130  12:09  Photon Cannon  
  130  12:16  Adept x3  
  130  12:17  Adept x3  
  130  12:21  Carrier  
  146  12:23  Observer  
  141  12:42  Stalker  
  141  12:43  Stalker x2  
  122  12:44  Colossus (Chrono Boost), Adept  
  122  12:45  Adept  
  124  12:58  Probe  
  122  12:59  Probe  
  124  13:06  Carrier  
  124  13:09  Adept x5  
  140  13:25  Pylon, Carrier  
  146  13:31  Adept x6  
  158  13:39  Resonating Glaives  
  130  14:00  Colossus (Chrono Boost), Carrier  
  132  14:12  Adept x2  
  132  14:13  Adept x3  
  142  14:30  Nexus  
  142  14:37  Carrier  
  140  14:56  Colossus (Chrono Boost)  
  140  14:58  Carrier  
  152  15:21  Protoss Air Weapons Level 3  
  152  15:41  Carrier  
  158  15:53  Assimilator  
  158  15:55  Assimilator  
  158  15:58  Pylon  
  158  16:06  Colossus (Chrono Boost)  
  164  16:16  Carrier  
  170  16:36  Templar Archives, Carrier  
  176  16:52  Colossus (Chrono Boost)  
  180  17:06  Carrier  
  186  17:17  Nexus  
  186  17:21  High Templar x2  
  190  17:23  High Templar  
  190  17:25  High Templar  
  194  17:32  High Templar  
  196  17:41  Pylon  
  160  17:57  Colossus (Chrono Boost)  
  166  17:59  Tempest  
  170  18:11  High Templar x2  
  174  18:50  Mothership Core  
Tags
 
Add a new tag
Caveats
  • Supply blocks, unpowered buildings, or Contaminate may cause inaccurate times.
  • Supply counts are checked every 10 seconds.